 Dungeon Crawl Stone Soup version 0.12.2-14-g7c90c79 (webtiles) character file.

882 MarVin the Chopper (level 7, 28/53 HPs)
             Began as a Demonspawn Fighter on Aug 5, 2013.
             Quit the game on Level 4 of the Dungeon.
             The game lasted 00:21:10 (5280 turns).

MarVin the Chopper (Demonspawn Fighter)             Turns: 5280, Time: 00:21:10

HP  28/53        AC 10     Str 24      XL: 7   Next: 40%
MP   6/6         EV  5     Int  9      God:
Gold 172         SH 20     Dex 12      Spells:  0 memorised,  6 levels left

Res.Fire  : . . .   See Invis. : .   l - -1,+2 orc hand axe (chop)
Res.Cold  : . . .   Warding    : .   r - +1 chain mail
Life Prot.: . . .   Conserve   : .   c - +0 shield
Res.Poison: .       Res.Corr.  : .   (helmet restricted)
Res.Elec. : .       Clarity    : .   (no cloak)
Sust.Abil.: + .     Spirit.Shd : .   (no gloves)
Res.Mut.  : .       Stasis     : .   (no boots)
Res.Rott. : .       Ctrl.Telep.: .   (no amulet)
Saprovore : . . .   Flight     : .   e - ring of sustain abilities
                                     f - ring of sustenance

@: mighty, slightly resistant to hostile enchantments, extremely unstealthy
A: horns 1, AC +1
a: no special abilities


You were on level 4 of the Dungeon.
You were not hungry.

You visited 1 branch of the dungeon, and saw 5 of its levels.

You collected 272 gold pieces.
You spent 120 gold pieces at shops.

Inventory:

Hand weapons
 a - a +0,+0 hand axe {=f}
 l - a -1,+2 orcish hand axe of chopping (weapon)
 w - a +0,+0 orcish hand axe
 z - a cursed -1 blowgun
 F - a +1,+0 dwarven hand axe
Missiles
 y - 3 poisoned needles
 O - 8 javelins of returning (quivered)
Armour
 b - a +0 scale mail
 c - a +0 shield (worn)
 r - a +1 chain mail (worn)
Comestibles
 d - 3 bread rations
 j - 2 meat rations
 k - 4 pears
 n - an apple
 q - a honeycomb
 v - a choko
 N - 2 apricots
Scrolls
 g - a scroll of recharging {unknown}
 h - 2 scrolls of remove curse
 i - a scroll of curse jewellery {unknown}
 m - 2 scrolls of curse weapon {unknown}
 p - 2 scrolls of amnesia {unknown}
 u - a scroll of fog {unknown}
 C - 2 scrolls of enchant weapon I {unknown}
 G - a scroll of random uselessness {unknown}
 I - a scroll of teleportation {unknown}
 J - a scroll of identify
Jewellery
 e - a ring of sustain abilities (right hand)
 f - a ring of sustenance (left hand)
 x - a -3 ring of dexterity
Potions
 o - 3 potions of curing
 s - 2 potions of flight {unknown}
 t - 2 potions of heal wounds
 A - a potion of might
 B - a potion of agility {unknown}
 D - 2 potions of mutation {unknown}
 E - a potion of cure mutation {unknown}
 H - a potion of confusion {unknown}
 K - a potion of berserk rage
 L - a potion of speed
 M - a potion of poison


   Skills:
 - Level 3.0 Fighting
 + Level 5.5 Axes
 - Level 5.0 Armour
 - Level 4.0 Shields


You had 6 spell levels left.
You didn't know any spells.

Dungeon Overview and Level Annotations

Branches:
Dungeon (5/27)
 Temple: D:4-7

Altars:
Fedhas
the Shining One

Shops:
D:4: !

Annotations
D:4 Menkaure


Innate Abilities, Weirdness & Mutations

You have a pair of small horns on your head.
You are partially covered in icy blue scales (AC +1).


Message History

There is a stone staircase leading down here.
Drink which item? (? for menu, Esc to quit)
You feel very mighty all of a sudden. You block Grinder's attack.
You slash Grinder!
Grinder is moderately wounded.
You block Grinder's attack.
You closely miss Grinder. You headbutt Grinder!
Grinder is heavily wounded.
You hit Grinder but do no damage. You headbutt Grinder!
Grinder is almost dead.
Grinder hits you.
You writhe in agony.
You slash Grinder!
You kill Grinder!
You determine that you are carrying:
w - a +0,+0 orcish hand axe Your Axes skill increases to level 5!
You have reached level 7!
Your demonic ancestry asserts itself...
Icy blue scales grow over part of your body.
Are you sure you want to abandon this character and quit the game? (Confirm with "yes".)

##### #.... ##.###
#(.... #..###
##### #..# #...#
#..#
##...########..###
#@...'............
#....########..###
#...........#.....
#.#.######....####
#.#.# #..#.....
#'#.# #..#.####
##### ###......
♣♣♣♣♣♣♣ #..####
♣♣♣♣♣♣♣♣♣ #..#


There were no monsters in sight!

Vanquished Creatures
  Grinder (D:4)
  Duvessa (D:4)
  A centaur skeleton (D:3)
  2 wights (D:3)
  Dowan (D:4)
  An orc priest (D:4)
  3 orc wizards
  3 adders
  2 worms
  3 giant mites
  A giant gecko (D:4)
  8 orcs
  2 ball pythons (D:3)
  7 bats
  5 giant cockroaches
  8 hobgoblins
  2 quokkas
  4 giant newts
  6 goblins
  8 jackals
  6 kobolds
  An orc zombie (D:4)
  A quokka skeleton (D:4)
  15 rats
92 creatures vanquished.

Vanquished Creatures (others)
  A rat (D:2)
1 creature vanquished.

Grand Total: 93 creatures vanquished

Notes
Turn   | Place    | Note
--------------------------------------------------------------
     0 | D:1      | MarVin, the Demonspawn Fighter, began the quest for the Orb.
     0 | D:1      | Reached XP level 1. HP: 18/18 MP: 0/0
    89 | D:1      | Gained mutation: You have a pair of small horns on your head. [demonic ancestry]
    89 | D:1      | Reached XP level 2. HP: 17/24 MP: 1/1
   827 | D:2      | Reached XP level 3. HP: 30/30 MP: 2/2
  1099 | D:2      | Found a glowing golden altar of the Shining One.
  1964 | D:3      | Reached XP level 4. HP: 30/36 MP: 3/3
  3081 | D:3      | Noticed a centaur skeleton
  3087 | D:3      | Killed a centaur skeleton
  3087 | D:3      | Reached skill level 4 in Shields
  3087 | D:3      | Reached XP level 5. HP: 27/41 MP: 4/4
  3247 | D:3      | Reached XP level 6. HP: 22/48 MP: 5/5
  3258 | D:3      | Reached XP level 5. HP: 12/41 MP: 4/4
  3315 | D:3      | Reached XP level 6. HP: 17/48 MP: 5/5
  4324 | D:4      | Found Ubuuj's Distillery.
  4324 | D:4      | Noticed Duvessa
  4325 | D:4      | Noticed Dowan
  4341 | D:4      | Killed Duvessa
  4403 | D:4      | Killed Dowan
  4403 | D:4      | Reached skill level 5 in Armour
  4647 | D:4      | Bought a potion of berserk rage for 30 gold pieces
  4647 | D:4      | Bought a potion of might for 25 gold pieces
  4647 | D:4      | Bought a potion of speed for 55 gold pieces
  4647 | D:4      | Bought a potion of poison for 10 gold pieces
  4660 | D:4      | Found a blossoming altar of Fedhas.
  4841 | D:4      | Noticed Menkaure
  5267 | D:5      | Entered Level 5 of the Dungeon
  5267 | D:5      | Noticed Grinder
  5267 | D:5      | Noticed a necrophage
  5268 | D:5      | Paralysed by Grinder for 6 turns
  5279 | D:4      | Killed Grinder
  5279 | D:4      | Reached skill level 5 in Axes
  5279 | D:4      | Gained mutation: You are partially covered in icy blue scales (AC +1). [demonic ancestry]
  5279 | D:4      | Reached XP level 7. HP: 28/53 MP: 6/6
  5280 | D:4      | Quit the game

Action                   |  1- 3 |  4- 6 |  7- 9 || total
-------------------------+-------+-------+-------++-------
Melee: Hand axe          |   123 |   220 |       ||   343
Throw: Hand axe          |       |     3 |       ||     3
  Use: Scroll            |     1 |     4 |       ||     5
       Potion            |       |     4 |       ||     4
